 Dungeon Crawl Stone Soup version 0.30.0-5-g1a98f26d00 (webtiles) character file.

Game seed: 12995982163510281823

65946 PoweredByGinger the Executioner (level 14, -3/129 (141) HPs)
             Began as a Minotaur Gladiator on May 9, 2023.
             Was the Champion of Okawaru.
             Killed by divine providence
             ... invoked by an orc priest
              (18 damage)
             ... on level 1 of the Orcish Mines.
             The game lasted 00:35:12 (18841 turns).

PoweredByGinger the Executioner (MiGl)             Turns: 18841, Time: 00:35:13

HP:   -3/129 (141)  AC: 30    Str: 30    XL:     14   Next: 77%
MP:   4/4           EV: 12    Int: 11    God:    Okawaru [******]
Gold: 1765          SH:  0    Dex: 17    Spells: 13/13 levels left

rFire   + . .        a - +5 executioner's axe (elec)
rCold   + . .        (shield currently unavailable)
rNeg    . . .        s - +10 plate armour "Yrusas" {Harm rC+ Will- Dex+3}
rPois   .            M - +2 hat {SInv}
rElec   .            D - +0 cloak
rCorr   .            z - +0 pair of gloves
SInv    +            (no boots)
Will    .....        k - amulet of regeneration Stlth
                     g - +4 ring of slaying
HPRegen 1.21/turn    c - ring "Jelack" {rF+ MP-9 Str+8 Int+6 Stlth+}
MPRegen 0.09/turn

%: harm (+30% outgoing, +20% incoming)
@: on berserk cooldown, hasted and slowed, drained
A: horns 2, retaliatory headbutt, robust 1, subdued magic 1
a: Renounce Religion, Heroism, Finesse, Duel


You were on level 1 of the Orcish Mines.
You worshipped Okawaru.
Okawaru was exalted by your worship.
You visited 4 branches of the dungeon, and saw 20 of its levels.
You also visited: Bailey.

You collected 1765 gold pieces.

Inventory:

Hand Weapons
 a - a +5 executioner's axe of electrocution (weapon)
 b - the +7 morningstar of Jewauh {heavy, rElec rPois rC++ Str+2}
   (You found it on level 7 of the Dungeon)

   Str:       It affects your strength (+2).
   rC:        It greatly protects you from cold.
   rElec:     It insulates you from electricity.
   rPois:     It protects you from poison.
 i - a +4 war axe
Missiles
 e - 6 javelins
 C - 33 poisoned darts (quivered)
Armour
 s - the +10 plate armour "Yrusas" (worn) {Harm rC+ Will- Dex+3}
   (You found it on level 5 of the Lair of Beasts)

   Dex:       It affects your dexterity (+3).
   rC:        It protects you from cold.
   Harm:      It increases damage dealt and taken.
   Will:      It decreases your willpower.
 z - a +0 pair of gloves (worn)
 D - a +0 cloak (worn)
 G - a +1 plate armour of cold resistance
 I - the +1 plate armour of Yskesm {Fly rPois}
   (You found it on level 5 of the Lair of Beasts)

   rPois:     It protects you from poison.
   Fly:       It grants you flight.
 M - a +2 hat of see invisible (worn)
Jewellery
 c - the ring "Jelack" (right hand) {rF+ MP-9 Str+8 Int+6 Stlth+}
   (You found it on level 7 of the Dungeon)

   [ring of intelligence]

   Str:       It affects your strength (+8).
   Int:       It affects your intelligence (+6).
   rF:        It protects you from fire.
   MP:        It affects your magic capacity (-9).
   Stlth:     It makes you more stealthy.
 g - a +4 ring of slaying (left hand)
 k - an amulet of regeneration (around neck)
 H - a ring of flight
 O - a ring of poison resistance
 W - a +6 ring of strength
 X - a ring of see invisible
Wands
 A - a wand of roots (16)
 L - a wand of light (2)
 Q - a wand of charming (23)
Scrolls
 d - 2 scrolls of torment {unknown}
 f - 5 scrolls of poison
 j - 4 scrolls of amnesia {unknown}
 l - 2 scrolls of fog
 m - 2 scrolls of magic mapping {unknown}
 n - 14 scrolls of teleportation
 v - 6 scrolls of blinking {unknown}
 w - a scroll of silence {unknown}
 y - 6 scrolls of noise {unknown}
 B - 7 scrolls of immolation
 F - 5 scrolls of enchant armour
 K - a scroll of brand weapon {unknown}
 N - 2 scrolls of acquirement {unknown}
 S - 2 scrolls of butterflies {unknown}
 V - 3 scrolls of enchant weapon {unknown}
Potions
 o - a potion of cancellation
 p - a potion of ambrosia {unknown}
 q - 2 potions of resistance
 r - 4 potions of attraction
 u - a potion of magic {unknown}
 x - 2 potions of berserk rage
 E - 5 potions of curing
 J - a potion of haste
 P - 4 potions of might
 R - 3 potions of lignification {unknown}
 T - a potion of flight {unknown}
 U - 2 potions of brilliance {unknown}
 Y - 2 potions of invisibility {unknown}
 Z - a potion of experience {unknown}


   Skills:
 - Level 13.1 Fighting
 + Level 24.0 Axes
 - Level 2.0 Throwing
 - Level 12.5 Armour
 - Level 8.0 Dodging


You had 13 spell levels left.
You didn't know any spells.
Your spell library contained the following spells:

 Spells                   Type           Power      Damage    Failure   Level
 Apportation              Tloc           0%         N/A       89%         1
 Foxfire                  Conj/Fire      0%         2x1d4     89%         1
 Magic Dart               Conj           0%         1d3       89%         1
 Necrotise                Necr           0%         1d4       89%         1
 Blink                    Tloc           0%         N/A       96%         2
 Cigotuvi's Dreadful Rot  Necr/Pois/Air  0%         N/A       96%         2
 Ensorcelled Hibernation  Hex/Ice        0%         N/A       96%         2
 Lesser Beckoning         Tloc           0%         N/A       96%         2
 Momentum Strike          Conj/Tloc      0%         3d8       96%         2
 Sublimation of Blood     Necr           0%         N/A       96%         2
 Wereblood                Tmut           0%         N/A       96%         2
 Dazzling Flash           Conj/Hex       0%         N/A       99%         3
 Ignite Poison            Fire/Tmut/Pois 0%         N/A       99%         3
 Mephitic Cloud           Conj/Pois/Air  0%         N/A       99%         3
 Portal Projectile        Hex/Tloc       0%         N/A       99%         3
 Spider Form              Tmut/Pois      0%         N/A       99%         3
 Stone Arrow              Conj/Erth      0%         3d7       99%         3
 Volatile Blastmotes      Fire/Tloc      0%         2d10      99%         3
 Anguish                  Hex/Necr       0%         N/A       100%        4
 Cause Fear               Hex            0%         N/A       100%        4
 Fulminant Prism          Conj/Hex       0%         3d5       100%        4
 Iskenderun's Mystic Bla  Conj/Tloc      0%         2d3       100%        4
 Leda's Liquefaction      Hex/Erth       0%         N/A       100%        4
 Olgreb's Toxic Radiance  Pois           0%         N/A       100%        4
 Petrify                  Tmut/Erth      0%         N/A       100%        4
 Sticky Flame             Conj/Fire      0%         2d3       100%        4
 Agony                    Necr           0%         N/A       100%        5
 Alistair's Intoxication  Tmut/Pois      0%         N/A       100%        5
 Arcjolt                  Conj/Air       0%         1d10      100%        5
 Borgnjor's Vile Clutch   Necr/Erth      0%         N/A       100%        5
 Fireball                 Conj/Fire      0%         3d3       100%        5
 Freezing Cloud           Conj/Ice/Air   0%         6-21      100%        5
 Irradiate                Conj/Tmut      0%         3d11      100%        5
 Lee's Rapid Deconstruct  Erth           0%         3d4*      100%        5
 Metabolic Englaciation   Hex/Ice        0%         N/A       100%        5
 Silence                  Hex/Air        0%         N/A       100%        5
 Eringya's Noxious Bog    Tmut/Pois      0%         N/A       100%        6
 Plasma Beam              Fire/Air       0%         2x1d11    100%        6
 Starburst                Conj/Fire      0%         6d3       100%        6
 Statue Form              Tmut/Erth      0%         N/A       100%        6
 Orb of Destruction       Conj           0%         9d5       100%        7
 Discord                  Hex            0%         N/A       100%        8
 Ignition                 Fire           0%         3d3       100%        8
 Summon Small Mammal      Summ           Unusable   N/A       N/A         1
 Call Imp                 Summ           Unusable   N/A       N/A         2
 Call Canine Familiar     Summ           Unusable   N/A       N/A         3
 Summon Guardian Golem    Hex/Summ       Unusable   N/A       N/A         3
 Summon Mana Viper        Hex/Summ       Unusable   N/A       N/A         5
 Spellforged Servitor     Conj/Summ      Unusable   N/A       N/A         7
 Summon Hydra             Summ           Unusable   N/A       N/A         7

Dungeon Overview and Level Annotations

Branches:
Dungeon (12/15)            Temple (1/1) D:4            Lair (5/5) D:10
 Shoals (0/4) Lair:2        Snake (0/4) Lair:3        Slime (0/5) Lair:4
    Orc (2/2) D:12            Elf (0/3) Orc:2        Bailey (visited)

Altars:
Ashenzari
Cheibriados
Dithmenos
Elyvilon
Fedhas
Gozag
Hepliaklqana
Kikubaaqudgha
Makhleb
Nemelex Xobeh
Okawaru
Qazlal
Ru
Sif Muna
Trog
Uskayaw
Vehumet
Wu Jian
Xom
Yredelemnul
Zin
The Shining One
Lugonu

Shops:
D:2 (   D:11 (   Orc:2 *

Portals:
Abyss: Lair:5

Annotations:
D:7 1 runed translucent door
Lair:1 exclusion: oklob plant
Lair:4 3 runed translucent doors, 0gre's ghost, journeyman GnIE


Innate Abilities, Weirdness & Mutations

You have a pair of horns on your head.
You reflexively headbutt those who attack you in melee.
You are robust. (+10% HP)
Your spells are a little easier to cast, but a little less powerful.


Message History

The orc warlord hits you with a +1 battleaxe of draining!
You feel drained. The orc warlord completely misses you.
You furiously retaliate!
You headbutt the orc warlord!!
Unknown command.
As you read the scroll of fear, it crumbles to dust.
You assume a fearsome visage.
The orc warlord looks frightened!
You see here a warg corpse.
The orc shouts!
You hear a shout!
The orc warlord unwields a +1 battleaxe of draining.
The orc warlord wields a +0 arbalest.
The orc warlord shoots a bolt.
The bolt hits you!
There is a stone staircase leading up here.
The orc warlord shoots a bolt.
The bolt hits you!
* * * LOW HITPOINT WARNING * * *
You climb upwards.
The orc priest shouts!
The orc warrior shouts!
The orc priest shouts!
The orc shouts!
The orc warrior shouts!
You hear a shout! x2
The orc priest invokes the aid of Beogh against you.
Beogh smites you!
* * * LOW HITPOINT WARNING * * *
An orc warrior comes into view.
It is wielding a +2 long sword of holy wrath.
Found 70 gold pieces.
There is a stone staircase leading down here.
Unknown command.
Unknown command.
Unknown command.
As you read the scroll of fog, it crumbles to dust.
The scroll dissolves into smoke.
The orc warrior shouts!
You feel yourself speed up.
An orc comes into view. It is wielding a +0 mace.
You slash the orc! Lightning courses through the orc!
You kill the orc!
The orc warrior hits you but does no damage.
The orc priest calls down the wrath of Beogh upon you.
Beogh smites you!
* * * LOW HITPOINT WARNING * * *
The orc priest invokes the aid of Beogh against you.
Beogh smites you!
You die...

.......##.... .
.$.....o... .
#. .........#.#
...#....o.....#
.........o.....
.....§§§§o.o.$.
.....§§§§o.....
.....§§@§§.....
.$...§§§§§$.#..
.....o§§§§...#
..............#
..#...###.#..##
...... ##....
...#.# ...
o...# ..


You could see 2 orc warriors, 2 orc priests and an orc.

Vanquished Creatures
  Gastronok (D:9)
  Josephine (Lair:4)
  Fannar (D:12)
  2 vault guards (Bailey)
  3 hydras (Lair:5)
  Erolcha (D:9)
  A catoblepas (Lair:4)
  The ghost of Gelion the Thaumaturge, a journeyman DjCj (D:8)
  6 two-headed ogres
  An orc high priest (Orc:2)
  4 thrashing horrors (Lair:5)
  4 death yaks (Lair:5)
  Sonja (D:12)
  2 skysharks
  A lindwurm (Lair:5)
  An ugly thing (D:11)
  3 orc sorcerers
  A deep elf pyromancer (D:12)
  4 black mambas
  4 cyclopes
  6 elephants (Lair:5)
  3 manticores
  A smoke demon (Lair:5)
  3 gargoyles
  An unseen horror zombie (D:8)
  4 rime drakes
  10 cane toads
  11 komodo dragons
  A tengu conjurer (D:7)
  2 ancient zymes (Lair:5)
  2 trolls
  A polar bear (Lair:3)
  Prince Ribbit (Bailey)
  A hornet (D:7)
  20 blink frogs
  6 dream sheep (Lair:4)
  4 slime creatures
  4 shadows
  A vampire (D:7)
  A spriggan (Lair:5)
  5 wraiths
  5 ynoxinuls (Lair:5)
  3 wyverns
  6 basilisks
  65 yaks
  5 vampire mosquitoes
  4 humans (Bailey)
  Menkaure (D:7)
  A two-headed ogre zombie (D:12)
  3 large abominations (Lair:5)
  A steam dragon (D:6)
  3 wargs
  3 nagas (Lair:3)
  12 water moccasins
  An acid dragon (D:10)
  Duvessa (D:5)
  14 orc warriors
  2 sky beasts
  3 ice beasts
  14 wolves
  3 ogres
  2 centaurs
  3 phantoms
  3 kobold brigands
  16 bullfrogs
  12 small abominations (Lair:5)
  A scorpion (D:4)
  9 wights
  Dowan (D:5)
  A killer bee (D:9)
  2 vampire bats (D:6)
  4 howler monkeys
  A spectral centaur (D:8)
  A gnoll bouda (D:6)
  17 orc priests
  4 hounds
  A jelly (D:4)
  Crazy Yiuf (D:6)
  9 iguanas
  A centaur skeleton (D:8)
  A sleepcap (D:6)
  15 orc wizards
  7 ogre zombies (D:12)
  12 adders
  7 gnolls
  3 shadow imps
  4 white imps
  2 worms
  3 dart slugs (D:1)
  47 orcs
  7 bats
  3 bat skeletons (D:6)
  2 bat zombies (D:6)
  7 endoplasms
  3 giant cockroaches
  7 goblins
  9 hobgoblins
  6 jackals
  22 kobolds
  3 quokkas
  6 ball pythons
  2 frilled lizards
  A goblin skeleton (D:12)
  6 goblin zombies (D:12)
  A hobgoblin skeleton (D:12)
  4 orc skeletons (D:12)
  13 orc zombies (D:12)
  2 rats
575 creatures vanquished.

Notes
Turn   | Place    | Note
-------+----------+-------------------------------------------
     0 | D:1      | PoweredByGinger the Minotaur Gladiator began the quest for
                  | the Orb.
     0 | D:1      | Reached XP level 1. HP: 18/18 MP: 0/0
    15 | D:1      | You fall into a shaft and drop 1 floor!
   174 | D:1      | Reached skill level 4 in Axes
   214 | D:1      | Reached XP level 2. HP: 25/25 MP: 1/1
   320 | D:1      | Reached XP level 3. HP: 30/30 MP: 2/2
   556 | D:1      | Reached skill level 5 in Axes
   983 | D:2      | Reached XP level 4. HP: 37/37 MP: 3/3
  1180 | D:2      | Found Wuschona's Weapon Emporium.
  2078 | D:3      | Got the Discourse on the Fair Folk and Hurting
  2142 | D:3      | Found a white marble altar of Elyvilon.
  2608 | D:3      | Reached skill level 6 in Axes
  2615 | D:4      | Reached XP level 5. HP: 41/42 MP: 4/4
  2779 | D:4      | Found a staircase to the Ecumenical Temple.
  2798 | Temple   | Entered the Ecumenical Temple
  2919 | D:4      | Reached skill level 5 in Dodging
  3036 | D:4      | Reached skill level 7 in Axes
  3042 | D:4      | Found a stormy altar of Qazlal.
  3082 | D:4      | Reached XP level 6. HP: 50/50 MP: 5/5
  3331 | D:5      | Entered Level 5 of the Dungeon
  3475 | D:5      | Noticed Dowan
  3476 | D:5      | Noticed Duvessa
  3507 | D:4      | Reached skill level 8 in Axes
  3513 | D:4      | HP: 2/50 [poisoned by a scorpion]
  3518 | D:4      | HP: 2/50 [poisoned by a scorpion]
  3572 | D:4      | Reached XP level 7. HP: 54/56 MP: 6/6
  3732 | D:6      | Found a blossoming altar of Fedhas.
  3797 | D:6      | Found an ancient bone altar of Kikubaaqudgha.
  3854 | D:6      | Noticed a steam dragon
  3863 | D:6      | Killed a steam dragon
  3864 | D:6      | Reached skill level 9 in Axes
  4076 | D:6      | Found an ornate altar of the Wu Jian Council.
  4237 | D:6      | Reached XP level 8. HP: 21/62 MP: 7/7
  4391 | D:6      | Reached skill level 10 in Axes
  4680 | D:6      | Found a runed translucent door.
  4681 | D:6      | Noticed Crazy Yiuf
  4916 | D:6      | Killed Crazy Yiuf
  5028 | D:7      | Noticed Menkaure
  5037 | D:7      | Killed Menkaure
  5275 | D:7      | Reached skill level 11 in Axes
  5625 | D:7      | Identified the +0 ring mail "Rikubil" {*Corrode rElec MP+9
                  | Int+7}
  5676 | D:7      | Reached skill level 1 in Armour
  5855 | D:7      | Found a glowing silver altar of Zin.
  5905 | D:7      | Reached XP level 9. HP: 42/68 MP: 8/8
  5969 | D:7      | Reached skill level 12 in Axes
  6027 | D:7      | Found a runed translucent door.
  6027 | D:7      | Noticed a troll
  6028 | D:7      | Noticed a tengu conjurer
  6028 | D:7      | Noticed a manticore
  6310 | D:7      | Found a runed translucent door.
  6310 | D:7      | Found a runed translucent door.
  6426 | D:8      | Noticed a two-headed ogre
  6514 | D:8      | Killed a two-headed ogre
  6515 | D:8      | Reached skill level 13 in Axes
  6517 | D:8      | Noticed a two-headed ogre
  6546 | D:8      | Killed a two-headed ogre
  6547 | D:8      | Reached skill level 14 in Axes
  6547 | D:8      | Reached skill level 5 in Armour
  6634 | D:8      | Found a hide-covered altar of Uskayaw.
  6654 | D:8      | Reached XP level 10. HP: 44/74 MP: 9/9
  6760 | D:8      | Found a runed translucent gate.
  6760 | D:8      | Found a runed translucent gate.
  6761 | D:8      | Found a runed translucent gate.
  6897 | D:8      | Noticed Gelion's ghost (journeyman DjCj)
  7117 | D:8      | Found an iron altar of Okawaru.
  7192 | D:9      | Found a flagged portal.
  7330 | D:9      | Noticed Erolcha
  7357 | Bailey   | Entered a bailey
  7428 | Bailey   | Reached skill level 15 in Axes
  7477 | Bailey   | Noticed Prince Ribbit
  7477 | Bailey   | Noticed a vault guard
  7506 | Bailey   | Killed Prince Ribbit
  7510 | Bailey   | Killed a vault guard
  7535 | Bailey   | Noticed a vault guard
  7642 | Bailey   | Killed a vault guard
  7643 | Bailey   | Reached skill level 16 in Axes
  7767 | D:9      | Killed Erolcha
  7898 | D:9      | Reached XP level 11. HP: 64/80 MP: 10/10
  7954 | D:9      | Identified the +2 leather armour of Faurioc {MP+9 Str+3}
  7974 | D:9      | Noticed Gastronok
  7998 | D:9      | Killed Gastronok
  7999 | D:9      | Reached skill level 17 in Axes
  8063 | D:9      | Identified the +1 robe of the Arena {Int+5 Stlth+}
  8497 | D:10     | Entered Level 10 of the Dungeon
  8879 | D:10     | Found a staircase to the Lair.
  9014 | D:10     | Reached skill level 18 in Axes
  9039 | D:10     | Identified the +5 hand axe "Xettesuv" {heavy, Str+2}
  9237 | Lair:1   | Entered Level 1 of the Lair of Beasts
  9352 | Lair:1   | Reached skill level 19 in Axes
  9588 | Lair:1   | Found a blossoming altar of Fedhas.
  9590 | Lair:1   | Noticed an oklob plant
 10359 | D:5      | Killed Duvessa
 10362 | D:5      | Killed Dowan
 11046 | D:8      | Became a worshipper of Warmaster Okawaru
 11199 | D:7      | Reached XP level 12. HP: 88/88 MP: 11/11
 11212 | D:7      | Reached skill level 20 in Axes
 11332 | D:7      | Noticed a two-headed ogre
 11417 | D:7      | Reached * piety under Okawaru
 11574 | D:7      | Killed a two-headed ogre
 11605 | D:7      | Identified the +7 morningstar of Jewauh {heavy, rElec rPois
                  | rC++ Str+2}
 11609 | D:7      | Got the Teachings on Tropical Bombardment
 11612 | D:7      | Identified the ring "Jelack" {rF+ MP-9 Str+8 Int+6 Stlth+}
 11837 | D:8      | Reached skill level 21 in Axes
 11848 | D:8      | Killed Gelion's ghost
 11848 | D:8      | Reached ** piety under Okawaru
 12026 | D:11     | Noticed a two-headed ogre
 12037 | D:11     | Killed a two-headed ogre
 12037 | D:11     | Reached *** piety under Okawaru
 12038 | D:11     | Reached skill level 22 in Axes
 12066 | D:11     | Identified the +3 triple crossbow of Accord {penet, Fly}
 12179 | D:11     | Found Kusonn's Antique Weapon Emporium.
 12430 | D:11     | Gained mutation: Your muscles are strong. (Str +4, Int/Dex
                  | -1) [potion of mutation]
 12430 | D:11     | Gained mutation: You have sharp fingernails. [potion of
                  | mutation]
 12430 | D:11     | Lost mutation: Your muscles are strong. (Str +4, Int/Dex
                  | -1) [potion of mutation]
 12431 | D:11     | Lost mutation: You have sharp fingernails. [potion of
                  | mutation]
 12431 | D:11     | Gained mutation: Your spells are a little easier to cast,
                  | but a little less powerful. [potion of mutation]
 12431 | D:11     | Gained mutation: You are robust. (+10% HP) [potion of
                  | mutation]
 12632 | Lair:2   | Found a staircase to the Shoals.
 13755 | Lair:3   | Reached **** piety under Okawaru
 13856 | Lair:3   | Found a staircase to the Snake Pit.
 13869 | Lair:3   | Reached XP level 13. HP: 83/102 MP: 3/12
 14634 | Lair:4   | Reached skill level 5 in Fighting
 14689 | Lair:4   | Reached ***** piety under Okawaru
 14715 | Lair:4   | Found a runed translucent gate.
 14718 | Lair:4   | Found a runed translucent gate.
 14718 | Lair:4   | Found a runed translucent gate.
 14900 | Lair:4   | Reached skill level 10 in Armour
 14932 | Lair:4   | Found a staircase to the Slime Pits.
 15081 | Lair:4   | Noticed Josephine
 15091 | Lair:4   | Killed Josephine
 15274 | Lair:4   | Noticed 0gre's ghost (journeyman GnIE)
 15511 | Lair:5   | Entered Level 5 of the Lair of Beasts
 15529 | Lair:5   | Identified the +1 plate armour of Yskesm {Fly rPois}
 15567 | Lair:5   | Found a radiant altar of Vehumet.
 15579 | Lair:5   | Received a gift from Okawaru
 15678 | Lair:5   | Identified the +9 sling "Kushoesi" {freeze, rPois rF+
                  | Int+5}
 15807 | Lair:5   | Reached skill level 10 in Fighting
 16090 | Lair:5   | Reached ****** piety under Okawaru
 16097 | Lair:5   | Received a gift from Okawaru
 16108 | Lair:5   | Reached XP level 14. HP: 130/134 MP: 4/13
 16499 | Lair:5   | Found a corrupted altar of Lugonu.
 16499 | Lair:5   | Found a one-way gate to the infinite horrors of the Abyss.
 16561 | Lair:5   | Identified the +10 plate armour "Yrusas" {Harm rC+ Will-
                  | Dex+3}
 16792 | Lair:5   | Received a gift from Okawaru
 17337 | D:12     | Found a staircase to the Orcish Mines.
 17341 | D:12     | Reached skill level 23 in Axes
 17794 | D:12     | Noticed Fannar
 17803 | D:12     | Killed Fannar
 18141 | D:12     | Noticed Sonja
 18146 | D:12     | Killed Sonja
 18146 | D:12     | Identified the +0 buckler of Dyspraxia {rPois} (Okawaru
                  | gifted it to you on level 12 of the Dungeon)
 18146 | D:12     | Received a gift from Okawaru
 18347 | Orc:1    | Entered Level 1 of the Orcish Mines
 18514 | Orc:2    | Entered Level 2 of the Orcish Mines
 18514 | Orc:2    | Found a staircase to the Elven Halls.
 18548 | Orc:2    | Noticed an orc warlord
 18551 | Orc:2    | Paralysed by an orc sorcerer for 3 turns
 18609 | Orc:1    | You fall into a shaft and drop 1 floor!
 18793 | Orc:1    | You fall into a shaft and drop 1 floor!
 18794 | Orc:2    | Paralysed by an orc sorcerer for 4 turns
 18808 | Orc:2    | Found Nuusulowe's Assorted Antiques.
 18825 | Orc:2    | Reached skill level 24 in Axes
 18841 | Orc:1    | Killed from afar by an orc priest

Illustrated notes

Levels and vault maps discovered:
D:1:      amcnicky_arrival_abandoned_market, layout_loops_ring
D:2:      layout_basic, serial_shops, shop
D:3:      layout_basic, old_standard_altar
D:4:      layout_basic, nicolae_qazlal_general_emergency,
          minmay_temple_entry_antechambers
D:5:      layout_rooms, uniq_duvessa
D:6:      layout_loops_ring, kennysheep_vampire_church,
          mainiacjoe_overflow_alcove_1, fedhas_ov_isle_minmay,
          uniq_crazy_yiuf_cottage
D:7:      minmay_the_grid_triangle_9x9_rhombus_full
          [minmay_the_grid_triangle_9x9_descending_squares,
          minmay_the_grid_triangle_9x9_skeleton,
          minmay_the_grid_triangle_9x9_swiss_cheese,
          minmay_the_grid_triangle_9x9_impossible_snake,
          minmay_the_grid_triangle_9x9_corruption,
          minmay_the_grid_triangle_9x9_negative_grid,
          minmay_the_grid_triangle_9x9_fully_insulated_deathbox,
          minmay_the_grid_triangle_9x9_prize_center], layout_basic,
          zin_statuary, uniq_menkaure
D:8:      layout_rooms, old_standard_altar, okawaru_altar_gauntlet_db,
          gammafunk_ghost_necromancy
D:9:      layout_basic, enter_bailey_2, minmay_misc_feat_iff,
          minmay_fractal_squares_5, uniq_erolcha, uniq_gastronok
D:10:     layout_roguey, david_lair_shrubbed, minmay_starry_boxes
D:11:     layout_cave_pools, serial_shops, kennysheep_little_box
D:12:     layout_loops_corners, zombieorc2_lemuel, chequers_avenue, uniq_sonja,
          uniq_fannar
Temple:   nicolae_temple_great_sept
Lair:1:   layout_loops_ring, hangedman_tree_tricks
Lair:2:   layout_layer_cave, shoals_dummy_entry, nicolae_quartered_pool_medium,
          chequers_serial_rivers_room_a, chequers_serial_rivers_micro_a
Lair:3:   layout_chaotic_city, guppyfry_snake_entry_garden, beast_lair_carwin_4,
          grunt_megastairs_4, infiniplex_staircase_pool_2
Lair:4:   layout_loops_ring, slime_entry_1, gammafunk_ghost_icy,
          grunt_megastairs_5, serial_bayou_shore_b, uniq_josephine
Lair:5:   hellmonk_lair_end_abyssal_woods, layout_long_grid, basic_altar,
          serial_bayou_pond_a, eino_small_chamber_without_monster,
          serial_bayou_shore_b
Orc:1:    layout_caves
Orc:2:    st_orc_pillars, layout_diamond_mine, serial_shops, shop_statue

Skill      XL: |  1  2  3  4  5  6  7  8  9 10 11 12 13 14 |
---------------+-------------------------------------------+-----
Axes           | 4 5 6 7 8 9 11 14 16 19 22 24 | 24.0
Dodging        | 4 5 6 8 |  8.0
Armour         | 1 5 8 11 12 | 12.5
Fighting       | 10 13 | 13.1
Throwing       | |  2.0

Action                     |  1- 3 |  4- 6 |  7- 9 | 10-12 | 13-15 || total
---------------------------+-------+-------+-------+-------+-------++-------
  Melee: War axe           |    58 |   132 |   108 |   394 |   157 ||   849
         Headbutt          |     9 |    14 |    51 |   130 |    87 ||   291
         Hand axe          |       |       |   127 |   174 |       ||   301
         Punch             |       |       |       |     9 |     4 ||    13
         Executioner's axe |       |       |       |       |   258 ||   258
         Morningstar       |       |       |       |       |     5 ||     5
  Throw: Throwing net      |       |       |     6 |       |       ||     6
         Dart              |       |       |     4 |     3 |       ||     7
         Javelin           |       |       |     1 |       |       ||     1
 Invoke: Heroism           |       |       |       |       |     2 ||     2
  Evoke: Wand              |       |       |     2 |     5 |     7 ||    14
    Use: Scroll            |       |       |     5 |     8 |    11 ||    24
         Potion            |       |       |     1 |     7 |     7 ||    15
   Stab: Sleeping          |     1 |     1 |       |       |       ||     2
         Held in net/web   |       |       |     6 |       |       ||     6
         Distracted        |       |       |       |     1 |       ||     1
         Invisible         |       |       |       |       |     1 ||     1
 Armour: Leather armour    |    18 |    23 |    25 |       |       ||    66
         Plate armour      |       |       |    35 |   181 |   273 ||   489
  Dodge: Dodged            |    45 |   113 |   109 |   178 |   218 ||   663
